Vancouver Canucks vs Nashville Predators
Created - Wednesday, February 19, 2025 at 08:54
Goals
|
| Vancouver Canucks |
0 |
3 |
2 |
5 |
| Nashville Predators |
0 |
2 |
1 |
3 |
|
Shots
|
| Vancouver Canucks |
7 |
15 |
6 |
28 |
| Nashville Predators |
13 |
18 |
8 |
39 |
|
1st period
No Goal
Penalties :
Miro Heiskanen (VAN) for Hooking (Minor) at 11:29
2nd period
1. Nashville Predators , Trevor Zegras 2 (Timo Meier 2, Artem Zub 2) at 5:23
2. Nashville Predators , Trevor Zegras 3 (Timo Meier 3, Alexander Wennberg 6) at 8:57
3. Vancouver Canucks , Connor Zary 5 (Anton Lundell 3, Aleksander Barkov 6) at 10:37
4. Vancouver Canucks , Ty Dellandrea 3 (Miro Heiskanen 2, Anton Lundell 4) at 14:06
5. Vancouver Canucks , Matias Maccelli 2 (Artturi Lehkonen 9, Aleksander Barkov 7) at 16:10
Penalties :
Ty Dellandrea (VAN) for Slashing (Minor) at 18:38
3rd period
6. Vancouver Canucks , Mikko Rantanen 5 (Clayton Keller 2, Noah Hanifin 4) at 4:04
7. Nashville Predators , Leo Carlsson 7 (Thomas Novak 3) at 5:29
8. Vancouver Canucks , Casey Mittelstadt 2 (Connor Zary 2, Robby Fabbri 8) at 14:16 (PP)
Penalties :
Brandon Montour (NSH) for Hooking (Minor) at 6:54, Ben Chiarot (NSH) for Cross-checking (Minor) at 13:26, Casey Mittelstadt (VAN) for Close Hand On Puck (Minor) at 16:08, Mikko Rantanen (VAN) for Hooking (Minor) at 18:17
Goalie Stats
Joonas Korpisalo (VAN), 36 saves from 39 shots - (0.923), W, 1-5-0, 60:00 minutes
Anthony Stolarz (NSH), 23 saves from 28 shots - (0.821), L, 0-1-1, 60:00 minutes
Players Stats for Vancouver Canucks
Player Name G A P +/- PIM S H SB GA TA FO MP PP MP PK MP
------------------------------------------------------------------------------------
Adam Boqvist 0 0 0 0 0 0 1 0 0 1 0/0 15:00 1:26 0:00
Aleksander Barkov 0 2 2 -1 0 6 0 0 1 1 11/22 19:48 1:23 3:52
Anton Lundell 0 2 2 2 0 1 0 0 0 0 2/5 9:53 0:00 0:00
Artturi Lehkonen 0 1 1 -1 0 3 3 1 0 0 1/2 19:14 1:02 3:43
Brett Leason 0 0 0 -1 0 0 1 0 0 0 0/0 11:16 0:00 3:52
Casey Mittelstadt 1 0 1 1 2 1 0 0 1 0 9/25 19:27 1:26 0:00
Chad Ruhwedel 0 0 0 -1 0 1 1 0 0 0 0/0 18:05 0:00 3:47
Clayton Keller 0 1 1 1 0 2 0 0 0 0 0/1 19:09 1:23 0:00
Connor Zary 1 1 2 2 0 2 1 0 1 1 0/1 11:14 1:26 0:00
Emil Martinsen Lilleberg 0 0 0 0 0 0 1 0 0 0 0/0 19:56 0:00 3:52
Jacob Bernard-Docker 0 0 0 -1 0 4 0 0 0 1 0/0 17:51 0:00 2:55
Matias Maccelli 1 0 1 -1 0 3 0 0 0 0 0/0 14:29 0:00 0:00
Mikael Pyyhtia 0 0 0 -1 0 0 0 0 0 0 1/2 7:20 0:00 0:00
Mikko Rantanen 1 0 1 1 2 2 2 0 0 0 1/1 20:21 1:23 1:10
Miro Heiskanen 0 1 1 2 2 2 0 2 0 1 0/0 22:03 1:23 0:00
Noah Hanifin 0 1 1 2 0 0 1 1 1 1 0/0 25:44 1:26 4:44
Robby Fabbri 0 1 1 -1 0 0 2 1 2 1 0/0 8:30 1:26 0:00
Ty Dellandrea 1 0 1 2 2 1 0 2 0 0 0/0 12:57 0:21 2:41
Players Stats for Nashville Predators
Player Name G A P +/- PIM S H SB GA TA FO MP PP MP PK MP
------------------------------------------------------------------------------------
Alex DeBrincat 0 0 0 -3 0 5 0 1 0 0 1/1 19:30 3:55 0:07
Alexander Wennberg 0 1 1 1 0 3 1 0 0 1 5/12 14:37 0:00 0:00
Artem Zub 0 1 1 0 0 0 3 1 0 1 0/0 20:59 0:00 1:17
Ben Chiarot 0 0 0 -2 2 1 1 0 0 1 0/0 13:40 0:00 0:00
Brandon Hagel 0 0 0 -3 0 1 3 1 0 0 1/2 20:54 3:44 1:40
Brandon Montour 0 0 0 0 2 3 2 1 1 0 0/0 22:48 3:27 0:00
Christian Dvorak 0 0 0 0 0 0 1 0 2 1 2/5 7:56 0:00 0:00
Colton Sissons 0 0 0 -3 0 2 1 0 0 0 16/25 20:49 3:43 1:38
Jack Roslovic 0 0 0 0 0 0 0 0 1 0 0/0 7:56 0:00 0:00
Leo Carlsson 1 0 1 1 0 4 0 0 0 1 1/2 15:49 3:44 0:42
Pius Suter 0 0 0 1 0 2 2 0 1 0 3/5 16:31 3:55 1:02
Rasmus Andersson 0 0 0 -2 0 0 0 1 1 0 0/0 18:39 4:12 1:32
Simon Benoit 0 0 0 1 0 2 1 1 0 0 0/0 18:27 0:00 1:32
Taylor Raddysh 0 0 0 0 0 0 0 0 0 1 0/0 7:56 0:00 0:00
Thomas Novak 0 1 1 1 0 2 0 2 0 0 5/6 11:01 0:01 0:00
Timo Meier 0 2 2 1 0 5 1 0 1 0 0/1 18:34 3:55 0:00
Travis Sanheim 0 0 0 1 0 3 0 1 0 0 0/0 21:31 3:27 1:17
Trevor Zegras 2 0 2 1 0 6 4 2 0 0 0/0 19:32 4:12 0:29
3 Stars
1 - Trevor Zegras (NSH)
2 - Connor Zary (VAN)
3 - Anton Lundell (VAN)
Power Play
Vancouver Canucks - 1 on 2 Attempt(s) - 50.00%
Nashville Predators - 0 on 4 Attempt(s) - 0.00%
Penalty Kill
Vancouver Canucks - 4 on 4 Attempt(s) - 100.00%
- Score 0 goal in Penalty Kill
Nashville Predators - 1 on 2 Attempt(s) - 50.00%
- Score 0 goal in Penalty Kill
Team Stat
Vancouver Canucks - Hits : 13 - Faceoff Wins : 25 - Blocked Shots : 7 - Penalty Minutes : 8
Nashville Predators - Hits : 20 - Faceoff Wins : 34 - Blocked Shots : 11 - Penalty Minutes : 4
Official
Referees : Jake Brenk and Jon Mcisaac
Linesman : Shandor Alphonso and Mark Shewchyk
Game Notes
No Game Note
Finance
Level 1 -- Attendance: 4920 (82.00%) -- Ticket Income $492,000
Level 2 -- Attendance: 3816 (76.32%) -- Ticket Income $228,960
Level 3 -- Attendance: 2284 (76.13%) -- Ticket Income $79,940
Level 4 -- Attendance: 3926 (78.52%) -- Ticket Income $98,150
Luxury Box -- Attendance: 697 (69.70%) -- Ticket Income $139,400
Game was played at the Bridgestone Arena.
Total Attendance: 15643 (78.22%)
Total Ticket Income: $1,038,450
Other Income: $363,458
Total Income: $1,401,908
Vancouver Canucks
5 vs 5 Forward
Center Left Wing Right Wing Time % Phy DF OF
1 Casey Mittelstadt Clayton Keller Mikko Rantanen 40 1 1 3
2 Aleksander Barkov Matias Maccelli Artturi Lehkonen 30 1 2 2
3 Anton Lundell Connor Zary Ty Dellandrea 20 1 2 2
4 Mikael Pyyhtia Robby Fabbri Brett Leason 10 1 3 1
5 vs 5 Defense
Defense Defense Time % Phy DF OF
1 Noah Hanifin Miro Heiskanen 30 1 2 2
2 Emil Martinsen Lilleberg Adam Boqvist 30 1 2 2
3 Chad Ruhwedel Jacob Bernard-Docker 25 1 2 2
4 Noah Hanifin Miro Heiskanen 15 1 2 2
PowerPlay Forward
Center Left Wing Right Wing Time % Phy DF OF
1 Mikko Rantanen Clayton Keller Artturi Lehkonen 50 0 1 4
2 Casey Mittelstadt Connor Zary Robby Fabbri 50 0 1 4
PowerPlay Defense
Defense Defense Time % Phy DF OF
1 Aleksander Barkov Miro Heiskanen 50 0 1 4
2 Noah Hanifin Adam Boqvist 50 0 1 4
Penalty Kill 4 Players Forward
Center Wing Time % Phy DF OF
1 Aleksander Barkov Brett Leason 50 1 2 2
2 Artturi Lehkonen Ty Dellandrea 50 1 2 2
Penalty Kill 4 Players Defense
Defense Defense Time % Phy DF OF
1 Noah Hanifin Chad Ruhwedel 50 1 2 2
2 Emil Martinsen Lilleberg Jacob Bernard-Docker 50 1 2 2
Penalty Kill - 3 Players Forward
Forward Time % Phy DF OF
1 Brett Leason 50 1 2 2
2 Aleksander Barkov 50 1 2 2
Penalty Kill - 3 Players Defense
Defense Defense Time % Phy DF OF
1 Noah Hanifin Chad Ruhwedel 50 1 2 2
2 Emil Martinsen Lilleberg Jacob Bernard-Docker 50 1 2 2
4 vs 4 Forward
Center Wing Time % Phy DF OF
1 Mikko Rantanen Clayton Keller 50 1 2 2
2 Casey Mittelstadt Matias Maccelli 50 1 2 2
4 vs 4 Defense
Defense Defense Time % Phy DF OF
1 Noah Hanifin Miro Heiskanen 50 1 2 2
2 Emil Martinsen Lilleberg Adam Boqvist 50 1 2 2
Last Minutes Offensive
Center Left Wing Right Wing Defense Defense
Aleksander Barkov Clayton Keller Mikko Rantanen Adam Boqvist Miro Heiskanen
Last Minutes Defensive
Center Left Wing Right Wing Defense Defense
Aleksander Barkov Artturi Lehkonen Brett Leason Noah Hanifin Miro Heiskanen
Goaltenders
Starting : Joonas Korpisalo
Backup : Ville Husso
Extra Forwards
Normal : Aleksander Barkov, Mikko Rantanen, Clayton Keller - PP : Clayton Keller, Casey Mittelstadt - PK : Mikko Rantanen
Extra Defensemen
Normal : Noah Hanifin, Miro Heiskanen, Emil Martinsen Lilleberg - PP : Noah Hanifin - PK : Noah Hanifin, Miro Heiskanen
Penalty Shots
Aleksander Barkov, Mikko Rantanen, Clayton Keller, Brett Leason, Miro Heiskanen
Scratches
Jesperi Kotkaniemi (Healthy), Jacob Bryson (Healthy), Justus Annunen (Healthy)
Nashville Predators
5 vs 5 Forward
Center Left Wing Right Wing Time % Phy DF OF
1 Colton Sissons Brandon Hagel Alex DeBrincat 37 0 2 3
2 Alexander Wennberg Trevor Zegras Timo Meier 33 0 2 3
3 Thomas Novak Pius Suter Leo Carlsson 25 0 2 3
4 Christian Dvorak Jack Roslovic Taylor Raddysh 5 0 3 2
5 vs 5 Defense
Defense Defense Time % Phy DF OF
1 Artem Zub Brandon Montour 40 1 2 2
2 Simon Benoit Travis Sanheim 36 1 4 0
3 Ben Chiarot Rasmus Andersson 24 0 5 0
4 Artem Zub Ben Chiarot 0 1 3 1
PowerPlay Forward
Center Left Wing Right Wing Time % Phy DF OF
1 Pius Suter Timo Meier Alex DeBrincat 50 1 1 3
2 Colton Sissons Brandon Hagel Leo Carlsson 50 1 1 3
PowerPlay Defense
Defense Defense Time % Phy DF OF
1 Brandon Montour Travis Sanheim 50 1 1 3
2 Trevor Zegras Rasmus Andersson 50 2 2 1
Penalty Kill 4 Players Forward
Center Wing Time % Phy DF OF
1 Colton Sissons Brandon Hagel 65 1 2 2
2 Christian Dvorak Alexander Wennberg 35 1 2 2
Penalty Kill 4 Players Defense
Defense Defense Time % Phy DF OF
1 Artem Zub Travis Sanheim 60 2 3 0
2 Simon Benoit Rasmus Andersson 40 1 3 1
Penalty Kill - 3 Players Forward
Forward Time % Phy DF OF
1 Colton Sissons 50 1 2 2
2 Christian Dvorak 50 1 2 2
Penalty Kill - 3 Players Defense
Defense Defense Time % Phy DF OF
1 Artem Zub Travis Sanheim 50 1 2 2
2 Simon Benoit Rasmus Andersson 50 1 2 2
4 vs 4 Forward
Center Wing Time % Phy DF OF
1 Colton Sissons Leo Carlsson 50 1 2 2
2 Alexander Wennberg Brandon Hagel 50 1 2 2
4 vs 4 Defense
Defense Defense Time % Phy DF OF
1 Brandon Montour Travis Sanheim 60 2 2 1
2 Rasmus Andersson Artem Zub 40 2 2 1
Last Minutes Offensive
Center Left Wing Right Wing Defense Defense
Colton Sissons Alex DeBrincat Timo Meier Brandon Hagel Brandon Montour
Last Minutes Defensive
Center Left Wing Right Wing Defense Defense
Alexander Wennberg Brandon Hagel Colton Sissons Artem Zub Travis Sanheim
Goaltenders
Starting : Anthony Stolarz
Backup : Thatcher Demko
Extra Forwards
Normal : Leo Carlsson, Trevor Zegras, Pius Suter - PP : Trevor Zegras, Thomas Novak - PK : Leo Carlsson
Extra Defensemen
Normal : Rasmus Andersson, Brandon Montour, Travis Sanheim - PP : Rasmus Andersson - PK : Ben Chiarot, Artem Zub
Penalty Shots
Alex DeBrincat, Brandon Hagel, Thomas Novak, Timo Meier, Leo Carlsson
Scratches
Mattias Samuelsson (Healthy), Kailer Yamamoto (Healthy), Victor Olofsson (Healthy), Mads Sogaard (Healthy), Samuel Ersson (Healthy)
% Time on Ice - Vancouver Canucks
Lines # - Real PCT - Wanted PCT - Time Play
Normal Forward
1 - 36% - 40% - 17:50
2 - 29% - 30% - 14:32
3 - 20% - 20% - 9:50
4 - 15% - 10% - 7:20
Normal Defense
1 - 30% - 30% - 14:43
2 - 29% - 30% - 14:34
3 - 28% - 25% - 13:54
4 - 13% - 15% - 6:21
PP Forward
1 - 49% - 50% - 1:23
2 - 51% - 50% - 1:26
PP Defense
1 - 49% - 50% - 1:23
2 - 51% - 50% - 1:26
PK Forward
1 - 51% - 50% - 3:52
2 - 49% - 50% - 3:47
PK Defense
1 - 49% - 50% - 3:47
2 - 51% - 50% - 3:52
PK3 Forward
1 - 0% - 50%
2 - 0% - 50%
PK3 Defense
1 - 0% - 50%
2 - 0% - 50%
44 Forward
1 - 0% - 50%
2 - 0% - 50%
44 Defense
1 - 0% - 50%
2 - 0% - 50%
Last Minute Offensive - 0:00
Last Minute Defensive - 0:00
Total
Forward - 60:00
Defense - 60:00
|
% Time on Ice - Nashville Predators
Lines # - Real PCT - Wanted PCT - Time Play
Normal Forward
1 - 32% - 37% - 15:57
2 - 30% - 33% - 14:41
3 - 22% - 25% - 10:58
4 - 16% - 5% - 7:56
Normal Defense
1 - 38% - 40% - 18:45
2 - 35% - 36% - 17:06
3 - 26% - 24% - 12:44
4 - 2% - 0% - 0:57
PP Forward
1 - 51% - 50% - 3:55
2 - 49% - 50% - 3:44
PP Defense
1 - 45% - 50% - 3:27
2 - 55% - 50% - 4:12
PK Forward
1 - 100% - 65% - 2:49
2 - 0% - 35% - 0:00
PK Defense
1 - 46% - 60% - 1:17
2 - 54% - 40% - 1:32
PK3 Forward
1 - 0% - 50%
2 - 0% - 50%
PK3 Defense
1 - 0% - 50%
2 - 0% - 50%
44 Forward
1 - 0% - 50%
2 - 0% - 50%
44 Defense
1 - 0% - 60%
2 - 0% - 40%
Last Minute Offensive - 0:00
Last Minute Defensive - 0:00
Total
Forward - 60:00
Defense - 60:00
|
Play-by-Play
1st period
0:01 of 1st period - Casey Mittelstadt wins face-off versus Colton Sissons in neutral zone.
0:34 of 1st period - Snap shot by Artturi Lehkonen.
0:34 of 1st period - Stopped by Anthony Stolarz without a rebound.
0:35 of 1st period - Pius Suter wins face-off versus Connor Zary in Nashville Predators zone.
0:41 of 1st period - Off-side.
0:42 of 1st period - Thomas Novak wins face-off versus Anton Lundell in neutral zone.
1:07 of 1st period - Slapshot by Leo Carlsson.
1:07 of 1st period - Shot Misses the Net.
1:09 of 1st period - Backhand shot by Thomas Novak.
1:09 of 1st period - Shot Misses the Net.
1:21 of 1st period - Icing by Pius Suter.
1:22 of 1st period - Thomas Novak wins face-off versus Casey Mittelstadt in Nashville Predators zone.
2:06 of 1st period - Snap shot by Pius Suter.
2:06 of 1st period - Stopped by Joonas Korpisalo with a rebound.
2:29 of 1st period - Wrist shot by Thomas Novak.
2:29 of 1st period - Shot Misses the Net.
2:31 of 1st period - Slapshot by Travis Sanheim.
2:31 of 1st period - Stopped by Joonas Korpisalo with a rebound.
2:49 of 1st period - Wrist shot by Thomas Novak.
2:49 of 1st period - Stopped by Joonas Korpisalo with a rebound.
2:51 of 1st period - Slapshot by Simon Benoit.
2:51 of 1st period - Stopped by Joonas Korpisalo with a rebound.
2:53 of 1st period - Slapshot by Travis Sanheim.
2:53 of 1st period - Stopped by Joonas Korpisalo with a rebound.
2:55 of 1st period - Slapshot by Thomas Novak.
2:55 of 1st period - Stopped by Joonas Korpisalo with a rebound.
2:57 of 1st period - Slapshot by Simon Benoit.
2:57 of 1st period - Deflect By Casey Mittelstadt.
2:57 of 1st period - Stopped by Joonas Korpisalo with a rebound.
2:59 of 1st period - Slapshot by Travis Sanheim.
2:59 of 1st period - Stopped by Joonas Korpisalo with a rebound.
3:01 of 1st period - Slapshot by Travis Sanheim.
3:01 of 1st period - Shot Misses the Net.
3:59 of 1st period - Snap shot by Leo Carlsson.
3:59 of 1st period - Shot Misses the Net.
4:01 of 1st period - Slapshot by Travis Sanheim.
4:01 of 1st period - Shot Blocked by Miro Heiskanen.
4:08 of 1st period - Off-side.
4:09 of 1st period - Alexander Wennberg wins face-off versus Aleksander Barkov in neutral zone.
4:36 of 1st period - Adam Boqvist is hit by Brandon Montour and loses puck.
4:44 of 1st period - Slapshot by Jacob Bernard-Docker.
4:44 of 1st period - Shot Hit the Post.
4:46 of 1st period - Slapshot by Jacob Bernard-Docker.
4:46 of 1st period - Deflect By Colton Sissons.
4:46 of 1st period - Stopped by Anthony Stolarz without a rebound.
4:47 of 1st period - Aleksander Barkov wins face-off versus Colton Sissons in Nashville Predators zone.
4:52 of 1st period - Snap shot by Matias Maccelli.
4:52 of 1st period - Shot Misses the Net.
5:02 of 1st period - Snap shot by Aleksander Barkov.
5:02 of 1st period - Stopped by Anthony Stolarz with a rebound.
5:17 of 1st period - Snap shot by Anton Lundell.
5:17 of 1st period - Shot Misses the Net.
5:53 of 1st period - Snap shot by Alex DeBrincat.
5:53 of 1st period - Stopped by Joonas Korpisalo with a rebound.
5:55 of 1st period - Slapshot by Alex DeBrincat.
5:55 of 1st period - Shot Misses the Net.
5:57 of 1st period - Snap shot by Brandon Hagel.
5:57 of 1st period - Shot Misses the Net.
6:25 of 1st period - Snap shot by Anton Lundell.
6:25 of 1st period - Stopped by Anthony Stolarz without a rebound.
6:26 of 1st period - Mikael Pyyhtia wins face-off versus Brandon Hagel in Nashville Predators zone.
6:55 of 1st period - Snap shot by Aleksander Barkov.
6:55 of 1st period - Stopped by Anthony Stolarz without a rebound.
6:56 of 1st period - Aleksander Barkov wins face-off versus Alexander Wennberg in Nashville Predators zone.
7:11 of 1st period - Wrist shot by Timo Meier.
7:11 of 1st period - Stopped by Joonas Korpisalo with a rebound.
7:21 of 1st period - Brandon Hagel is hit by Adam Boqvist and loses puck.
7:28 of 1st period - Emil Martinsen Lilleberg is hit by Brandon Hagel and loses puck.
7:41 of 1st period - Taylor Raddysh is hit by Emil Martinsen Lilleberg.
9:44 of 1st period - Colton Sissons is hit by Robby Fabbri and loses puck.
9:51 of 1st period - Snap shot by Robby Fabbri.
9:51 of 1st period - Shot Blocked by Brandon Hagel.
10:01 of 1st period - Snap shot by Clayton Keller.
10:01 of 1st period - Stopped by Anthony Stolarz without a rebound.
10:02 of 1st period - Casey Mittelstadt wins face-off versus Christian Dvorak in Nashville Predators zone.
10:05 of 1st period - Slapshot by Clayton Keller.
10:05 of 1st period - Deflect By Mikko Rantanen.
10:05 of 1st period - Stopped by Anthony Stolarz without a rebound.
10:06 of 1st period - Casey Mittelstadt wins face-off versus Christian Dvorak in Nashville Predators zone.
11:14 of 1st period - Off-side.
11:15 of 1st period - Colton Sissons wins face-off versus Aleksander Barkov in neutral zone.
11:29 of 1st period - Minor Penalty to Miro Heiskanen for Hooking.
11:30 of 1st period - Pius Suter wins face-off versus Aleksander Barkov in Vancouver Canucks zone.
13:29 of 1st period - Penalty to Miro Heiskanen is over, Miro Heiskanen is back on ice.
13:37 of 1st period - Emil Martinsen Lilleberg is hit by Christian Dvorak and loses puck.
13:43 of 1st period - Icing by Jacob Bernard-Docker.
13:44 of 1st period - Christian Dvorak wins face-off versus Casey Mittelstadt in Vancouver Canucks zone.
14:26 of 1st period - Snap shot by Timo Meier.
14:26 of 1st period - Stopped by Joonas Korpisalo with a rebound.
14:28 of 1st period - Backhand shot by Alexander Wennberg.
14:28 of 1st period - Stopped by Joonas Korpisalo with a rebound.
15:36 of 1st period - Backhand shot by Connor Zary.
15:36 of 1st period - Shot Blocked by Thomas Novak.
16:17 of 1st period - Backhand shot by Brandon Montour.
16:17 of 1st period - Stopped by Joonas Korpisalo without a rebound.
16:18 of 1st period - Alexander Wennberg wins face-off versus Aleksander Barkov in Vancouver Canucks zone.
16:21 of 1st period - Wrist shot by Trevor Zegras.
16:21 of 1st period - Shot Misses the Net.
16:45 of 1st period - Ben Chiarot is hit by Mikko Rantanen and loses puck.
17:28 of 1st period - Slapshot by Miro Heiskanen.
17:28 of 1st period - Shot Blocked by Travis Sanheim.
17:41 of 1st period - Off-side.
17:42 of 1st period - Christian Dvorak wins face-off versus Aleksander Barkov in neutral zone.
18:09 of 1st period - Casey Mittelstadt is hit by Artem Zub and loses puck.
18:53 of 1st period - Noah Hanifin is hit by Artem Zub and loses puck.
18:58 of 1st period - Wrist shot by Thomas Novak.
18:58 of 1st period - Shot Blocked by Noah Hanifin.
19:00 of 1st period - Snap shot by Brandon Montour.
19:00 of 1st period - Shot Blocked by Miro Heiskanen.
19:02 of 1st period - Slapshot by Travis Sanheim.
19:02 of 1st period - Shot Blocked by Robby Fabbri.
19:21 of 1st period - Timo Meier is hit by Artturi Lehkonen and loses puck.
19:34 of 1st period - Ben Chiarot is hit by Chad Ruhwedel.
19:40 of 1st period - Adam Boqvist is hit by Colton Sissons and loses puck.
Goals for this period are 0 for Vancouver Canucks vs 0 for Nashville Predators.
Shots for this period are 7 for Vancouver Canucks vs 13 for Nashville Predators.
2nd period
0:01 of 2nd period - Colton Sissons wins face-off versus Aleksander Barkov in neutral zone.
0:12 of 2nd period - Snap shot by Alex DeBrincat.
0:12 of 2nd period - Stopped by Joonas Korpisalo without a rebound.
0:13 of 2nd period - Aleksander Barkov wins face-off versus Timo Meier in Vancouver Canucks zone.
0:22 of 2nd period - Wrist shot by Aleksander Barkov.
0:22 of 2nd period - Deflect By Matias Maccelli.
0:22 of 2nd period - Shot Blocked by Artem Zub.
0:22 of 2nd period - Puck is out of play.
0:23 of 2nd period - Alexander Wennberg wins face-off versus Aleksander Barkov in Nashville Predators zone.
0:39 of 2nd period - Wrist shot by Artturi Lehkonen.
0:39 of 2nd period - Shot Hit the Post.
0:41 of 2nd period - Snap shot by Matias Maccelli.
0:41 of 2nd period - Deflect By Artturi Lehkonen.
0:41 of 2nd period - Shot Hit the Post.
0:41 of 2nd period - Puck is out of play.
0:42 of 2nd period - Casey Mittelstadt wins face-off versus Colton Sissons in Nashville Predators zone.
1:20 of 2nd period - Wrist shot by Aleksander Barkov.
1:20 of 2nd period - Stopped by Anthony Stolarz with a rebound.
1:22 of 2nd period - Wrist shot by Artturi Lehkonen.
1:22 of 2nd period - Shot Blocked by Trevor Zegras.
1:24 of 2nd period - Slapshot by Chad Ruhwedel.
1:24 of 2nd period - Stopped by Anthony Stolarz with a rebound.
1:38 of 2nd period - Slapshot by Miro Heiskanen.
1:38 of 2nd period - Stopped by Anthony Stolarz without a rebound.
1:39 of 2nd period - Thomas Novak wins face-off versus Casey Mittelstadt in Nashville Predators zone.
1:54 of 2nd period - Slapshot by Leo Carlsson.
1:54 of 2nd period - Stopped by Joonas Korpisalo without a rebound.
1:55 of 2nd period - Colton Sissons wins face-off versus Aleksander Barkov in Vancouver Canucks zone.
2:28 of 2nd period - Snap shot by Trevor Zegras.
2:28 of 2nd period - Shot Misses the Net.
2:37 of 2nd period - Off-side.
2:38 of 2nd period - Thomas Novak wins face-off versus Anton Lundell in neutral zone.
2:41 of 2nd period - Anton Lundell is hit by Ben Chiarot and loses puck.
2:46 of 2nd period - Snap shot by Thomas Novak.
2:46 of 2nd period - Shot Misses the Net.
2:48 of 2nd period - Slapshot by Ben Chiarot.
2:48 of 2nd period - Stopped by Joonas Korpisalo with a rebound.
2:50 of 2nd period - Snap shot by Pius Suter.
2:50 of 2nd period - Deflect By Anton Lundell.
2:50 of 2nd period - Stopped by Joonas Korpisalo without a rebound.
2:51 of 2nd period - Colton Sissons wins face-off versus Casey Mittelstadt in Vancouver Canucks zone.
3:18 of 2nd period - Noah Hanifin is hit by Trevor Zegras and loses puck.
3:29 of 2nd period - Slapshot by Alexander Wennberg.
3:29 of 2nd period - Stopped by Joonas Korpisalo with a rebound.
3:45 of 2nd period - Slapshot by Pius Suter.
3:45 of 2nd period - Shot Misses the Net.
4:48 of 2nd period - Wrist shot by Connor Zary.
4:48 of 2nd period - Deflect By Alex DeBrincat.
4:48 of 2nd period - Shot Blocked by Alex DeBrincat.
4:48 of 2nd period - Puck is out of play.
4:49 of 2nd period - Aleksander Barkov wins face-off versus Alexander Wennberg in Nashville Predators zone.
4:54 of 2nd period - Snap shot by Aleksander Barkov.
4:54 of 2nd period - Stopped by Anthony Stolarz without a rebound.
4:55 of 2nd period - Alexander Wennberg wins face-off versus Aleksander Barkov in Nashville Predators zone.
5:23 of 2nd period - Snap shot by Trevor Zegras.
5:23 of 2nd period - Goal by Trevor Zegras - Vancouver Canucks : 0 - Nashville Predators : 1.
5:24 of 2nd period - Colton Sissons wins face-off versus Casey Mittelstadt in neutral zone.
6:35 of 2nd period - Snap shot by Alex DeBrincat.
6:35 of 2nd period - Shot Misses the Net.
6:37 of 2nd period - Slapshot by Colton Sissons.
6:37 of 2nd period - Shot Misses the Net.
7:02 of 2nd period - Slapshot by Brandon Montour.
7:02 of 2nd period - Stopped by Joonas Korpisalo with a rebound.
7:04 of 2nd period - Slapshot by Timo Meier.
7:04 of 2nd period - Stopped by Joonas Korpisalo with a rebound.
7:06 of 2nd period - Snap shot by Alexander Wennberg.
7:06 of 2nd period - Stopped by Joonas Korpisalo with a rebound.
7:18 of 2nd period - Slapshot by Thomas Novak.
7:18 of 2nd period - Shot Misses the Net.
7:56 of 2nd period - Snap shot by Trevor Zegras.
7:56 of 2nd period - Deflect By Miro Heiskanen.
7:56 of 2nd period - Stopped by Joonas Korpisalo without a rebound.
7:57 of 2nd period - Alexander Wennberg wins face-off versus Mikael Pyyhtia in Vancouver Canucks zone.
8:23 of 2nd period - Snap shot by Timo Meier.
8:23 of 2nd period - Shot Misses the Net.
8:29 of 2nd period - Slapshot by Trevor Zegras.
8:29 of 2nd period - Shot Misses the Net.
8:31 of 2nd period - Wrist shot by Timo Meier.
8:31 of 2nd period - Deflect By Trevor Zegras.
8:31 of 2nd period - Stopped by Joonas Korpisalo with a rebound.
8:57 of 2nd period - Slapshot by Trevor Zegras.
8:57 of 2nd period - Goal by Trevor Zegras - Vancouver Canucks : 0 - Nashville Predators : 2.
8:58 of 2nd period - Colton Sissons wins face-off versus Casey Mittelstadt in neutral zone.
9:11 of 2nd period - Snap shot by Alex DeBrincat.
9:11 of 2nd period - Stopped by Joonas Korpisalo without a rebound.
9:12 of 2nd period - Colton Sissons wins face-off versus Casey Mittelstadt in Vancouver Canucks zone.
9:21 of 2nd period - Snap shot by Alex DeBrincat.
9:21 of 2nd period - Stopped by Joonas Korpisalo with a rebound.
9:27 of 2nd period - Snap shot by Brandon Hagel.
9:27 of 2nd period - Stopped by Joonas Korpisalo with a rebound.
9:39 of 2nd period - Noah Hanifin is hit by Simon Benoit and loses puck.
10:06 of 2nd period - Slapshot by Artturi Lehkonen.
10:06 of 2nd period - Stopped by Anthony Stolarz with a rebound.
10:12 of 2nd period - Wrist shot by Artturi Lehkonen.
10:12 of 2nd period - Shot Blocked by Brandon Montour.
10:18 of 2nd period - Noah Hanifin is hit by Artem Zub and loses puck.
10:35 of 2nd period - Wrist shot by Connor Zary.
10:35 of 2nd period - Stopped by Anthony Stolarz with a rebound.
10:37 of 2nd period - Snap shot by Connor Zary.
10:37 of 2nd period - Goal by Connor Zary - Vancouver Canucks : 1 - Nashville Predators : 2.
10:38 of 2nd period - Casey Mittelstadt wins face-off versus Colton Sissons in neutral zone.
10:40 of 2nd period - Off-side.
10:41 of 2nd period - Colton Sissons wins face-off versus Clayton Keller in neutral zone.
10:56 of 2nd period - Snap shot by Mikko Rantanen.
10:56 of 2nd period - Shot Misses the Net.
11:08 of 2nd period - Snap shot by Artturi Lehkonen.
11:08 of 2nd period - Stopped by Anthony Stolarz with a rebound.
11:10 of 2nd period - Slapshot by Jacob Bernard-Docker.
11:10 of 2nd period - Deflect By Trevor Zegras.
11:10 of 2nd period - Stopped by Anthony Stolarz without a rebound.
11:11 of 2nd period - Aleksander Barkov wins face-off versus Alexander Wennberg in Nashville Predators zone.
11:14 of 2nd period - Wrist shot by Artturi Lehkonen.
11:14 of 2nd period - Shot Blocked by Trevor Zegras.
11:30 of 2nd period - Slapshot by Trevor Zegras.
11:30 of 2nd period - Stopped by Joonas Korpisalo without a rebound.
11:31 of 2nd period - Colton Sissons wins face-off versus Casey Mittelstadt in Vancouver Canucks zone.
11:49 of 2nd period - Icing by Casey Mittelstadt.
11:50 of 2nd period - Casey Mittelstadt wins face-off versus Alexander Wennberg in Vancouver Canucks zone.
11:58 of 2nd period - Snap shot by Timo Meier.
11:58 of 2nd period - Stopped by Joonas Korpisalo without a rebound.
11:59 of 2nd period - Casey Mittelstadt wins face-off versus Alexander Wennberg in Vancouver Canucks zone.
12:04 of 2nd period - Timo Meier is hit by Noah Hanifin.
12:33 of 2nd period - Wrist shot by Matias Maccelli.
12:33 of 2nd period - Stopped by Anthony Stolarz without a rebound.
12:34 of 2nd period - Colton Sissons wins face-off versus Anton Lundell in Nashville Predators zone.
12:39 of 2nd period - Snap shot by Brandon Hagel.
12:39 of 2nd period - Shot Misses the Net.
12:55 of 2nd period - Ty Dellandrea is hit by Brandon Hagel.
13:28 of 2nd period - Icing by Thomas Novak.
13:29 of 2nd period - Aleksander Barkov wins face-off versus Thomas Novak in Nashville Predators zone.
14:04 of 2nd period - Snap shot by Miro Heiskanen.
14:04 of 2nd period - Shot Misses the Net.
14:06 of 2nd period - Snap shot by Ty Dellandrea.
14:06 of 2nd period - Goal by Ty Dellandrea - Vancouver Canucks : 2 - Nashville Predators : 2.
14:07 of 2nd period - Colton Sissons wins face-off versus Casey Mittelstadt in neutral zone.
14:09 of 2nd period - Off-side.
14:10 of 2nd period - Casey Mittelstadt wins face-off versus Colton Sissons in neutral zone.
14:49 of 2nd period - Backhand shot by Trevor Zegras.
14:49 of 2nd period - Shot Misses the Net.
15:03 of 2nd period - Slapshot by Miro Heiskanen.
15:03 of 2nd period - Shot Blocked by Simon Benoit.
15:25 of 2nd period - Jack Roslovic is hit by Robby Fabbri and loses puck.
16:06 of 2nd period - Wrist shot by Artturi Lehkonen.
16:06 of 2nd period - Shot Misses the Net.
16:08 of 2nd period - Wrist shot by Artturi Lehkonen.
16:08 of 2nd period - Shot Blocked by Rasmus Andersson.
16:10 of 2nd period - Slapshot by Matias Maccelli.
16:10 of 2nd period - Goal by Matias Maccelli - Vancouver Canucks : 3 - Nashville Predators : 2.
16:11 of 2nd period - Alex DeBrincat wins face-off versus Casey Mittelstadt in neutral zone.
16:26 of 2nd period - Clayton Keller is hit by Brandon Montour and loses puck.
16:45 of 2nd period - Slapshot by Matias Maccelli.
16:45 of 2nd period - Stopped by Anthony Stolarz with a rebound.
16:47 of 2nd period - Snap shot by Miro Heiskanen.
16:47 of 2nd period - Stopped by Anthony Stolarz with a rebound.
16:49 of 2nd period - Backhand shot by Matias Maccelli.
16:49 of 2nd period - Deflect By Aleksander Barkov.
16:49 of 2nd period - Stopped by Anthony Stolarz with a rebound.
17:03 of 2nd period - Slapshot by Anton Lundell.
17:03 of 2nd period - Shot Misses the Net.
18:38 of 2nd period - Minor Penalty to Ty Dellandrea for Slashing.
18:39 of 2nd period - Aleksander Barkov wins face-off versus Leo Carlsson in Vancouver Canucks zone.
18:54 of 2nd period - Snap shot by Brandon Hagel.
18:54 of 2nd period - Shot Blocked by Artturi Lehkonen.
18:56 of 2nd period - Slapshot by Brandon Montour.
18:56 of 2nd period - Stopped by Joonas Korpisalo without a rebound.
18:57 of 2nd period - Aleksander Barkov wins face-off versus Pius Suter in Vancouver Canucks zone.
19:54 of 2nd period - Rasmus Andersson is hit by Brett Leason and loses puck.
Goals for this period are 3 for Vancouver Canucks vs 2 for Nashville Predators.
Shots for this period are 15 for Vancouver Canucks vs 18 for Nashville Predators.
3rd period
0:01 of 3rd period - Pius Suter wins face-off versus Aleksander Barkov in neutral zone.
0:32 of 3rd period - Slapshot by Trevor Zegras.
0:32 of 3rd period - Deflect By Colton Sissons.
0:32 of 3rd period - Stopped by Joonas Korpisalo with a rebound.
0:34 of 3rd period - Wrist shot by Leo Carlsson.
0:34 of 3rd period - Stopped by Joonas Korpisalo with a rebound.
0:36 of 3rd period - Wrist shot by Brandon Hagel.
0:36 of 3rd period - Shot Misses the Net.
0:38 of 3rd period - Penalty to Ty Dellandrea is over, Ty Dellandrea is back on ice.
2:20 of 3rd period - Icing by Rasmus Andersson.
2:21 of 3rd period - Anton Lundell wins face-off versus Christian Dvorak in Nashville Predators zone.
2:45 of 3rd period - Icing by Jacob Bernard-Docker.
2:46 of 3rd period - Anton Lundell wins face-off versus Colton Sissons in Vancouver Canucks zone.
3:19 of 3rd period - Wrist shot by Matias Maccelli.
3:19 of 3rd period - Shot Misses the Net.
3:21 of 3rd period - Snap shot by Jacob Bernard-Docker.
3:21 of 3rd period - Stopped by Anthony Stolarz with a rebound.
3:23 of 3rd period - Slapshot by Jacob Bernard-Docker.
3:23 of 3rd period - Stopped by Anthony Stolarz without a rebound.
3:24 of 3rd period - Aleksander Barkov wins face-off versus Alexander Wennberg in Nashville Predators zone.
3:25 of 3rd period - Slapshot by Artturi Lehkonen.
3:25 of 3rd period - Shot Misses the Net.
3:35 of 3rd period - Matias Maccelli is hit by Trevor Zegras and loses puck.
3:54 of 3rd period - Snap shot by Clayton Keller.
3:54 of 3rd period - Stopped by Anthony Stolarz without a rebound.
3:55 of 3rd period - Colton Sissons wins face-off versus Casey Mittelstadt in Nashville Predators zone.
4:04 of 3rd period - Slapshot by Mikko Rantanen.
4:04 of 3rd period - Goal by Mikko Rantanen - Vancouver Canucks : 4 - Nashville Predators : 2.
4:05 of 3rd period - Colton Sissons wins face-off versus Casey Mittelstadt in neutral zone.
4:41 of 3rd period - Aleksander Barkov is hit by Trevor Zegras and loses puck.
4:58 of 3rd period - Backhand shot by Anton Lundell.
4:58 of 3rd period - Shot Blocked by Thomas Novak.
5:01 of 3rd period - Icing by Thomas Novak.
5:02 of 3rd period - Thomas Novak wins face-off versus Casey Mittelstadt in Nashville Predators zone.
5:29 of 3rd period - Snap shot by Leo Carlsson.
5:29 of 3rd period - Goal by Leo Carlsson - Vancouver Canucks : 4 - Nashville Predators : 3.
5:30 of 3rd period - Colton Sissons wins face-off versus Casey Mittelstadt in neutral zone.
5:59 of 3rd period - Wrist shot by Brandon Hagel.
5:59 of 3rd period - Deflect By Timo Meier.
5:59 of 3rd period - Shot Misses the Net.
5:59 of 3rd period - Puck is out of play.
6:00 of 3rd period - Aleksander Barkov wins face-off versus Alexander Wennberg in Vancouver Canucks zone.
6:05 of 3rd period - Snap shot by Trevor Zegras.
6:05 of 3rd period - Stopped by Joonas Korpisalo with a rebound.
6:26 of 3rd period - Trevor Zegras is hit by Artturi Lehkonen and loses puck.
6:54 of 3rd period - Minor Penalty to Brandon Montour for Hooking.
6:55 of 3rd period - Colton Sissons wins face-off versus Casey Mittelstadt in Nashville Predators zone.
8:14 of 3rd period - Snap shot by Trevor Zegras.
8:14 of 3rd period - Shot Misses the Net.
8:54 of 3rd period - Penalty to Brandon Montour is over, Brandon Montour is back on ice.
9:44 of 3rd period - Emil Martinsen Lilleberg is hit by Brandon Hagel and loses puck.
9:59 of 3rd period - Slapshot by Alexander Wennberg.
9:59 of 3rd period - Shot Blocked by Ty Dellandrea.
10:01 of 3rd period - Wrist shot by Timo Meier.
10:01 of 3rd period - Shot Blocked by Ty Dellandrea.
10:21 of 3rd period - Simon Benoit is hit by Artturi Lehkonen and loses puck.
10:55 of 3rd period - Jacob Bernard-Docker is hit by Timo Meier and loses puck.
11:06 of 3rd period - Jacob Bernard-Docker is hit by Pius Suter.
11:27 of 3rd period - Taylor Raddysh is hit by Connor Zary and loses puck.
12:35 of 3rd period - Chad Ruhwedel is hit by Alexander Wennberg and loses puck.
13:26 of 3rd period - Minor Penalty to Ben Chiarot for Cross-checking.
13:27 of 3rd period - Mikko Rantanen wins face-off versus Colton Sissons in Nashville Predators zone.
14:04 of 3rd period - Slapshot by Aleksander Barkov.
14:04 of 3rd period - Stopped by Anthony Stolarz without a rebound.
14:05 of 3rd period - Leo Carlsson wins face-off versus Casey Mittelstadt in Nashville Predators zone.
14:16 of 3rd period - Wrist shot by Casey Mittelstadt.
14:16 of 3rd period - Goal by Casey Mittelstadt - Vancouver Canucks : 5 - Nashville Predators : 3.
14:17 of 3rd period - Casey Mittelstadt wins face-off versus Colton Sissons in neutral zone.
15:59 of 3rd period - Rasmus Andersson is hit by Mikko Rantanen and loses puck.
16:08 of 3rd period - Minor Penalty to Casey Mittelstadt for Close Hand On Puck.
16:09 of 3rd period - Aleksander Barkov wins face-off versus Pius Suter in Vancouver Canucks zone.
16:09 of 3rd period - Aleksander Barkov is hit by Trevor Zegras.
16:52 of 3rd period - Wrist shot by Alex DeBrincat.
16:52 of 3rd period - Stopped by Joonas Korpisalo with a rebound.
16:54 of 3rd period - Snap shot by Timo Meier.
16:54 of 3rd period - Shot Misses the Net.
16:56 of 3rd period - Snap shot by Timo Meier.
16:56 of 3rd period - Stopped by Joonas Korpisalo without a rebound.
16:57 of 3rd period - Colton Sissons wins face-off versus Aleksander Barkov in Vancouver Canucks zone.
17:08 of 3rd period - Snap shot by Leo Carlsson.
17:08 of 3rd period - Stopped by Joonas Korpisalo with a rebound.
17:10 of 3rd period - Slapshot by Brandon Montour.
17:10 of 3rd period - Deflect By Colton Sissons.
17:10 of 3rd period - Stopped by Joonas Korpisalo without a rebound.
17:11 of 3rd period - Artturi Lehkonen wins face-off versus Colton Sissons in Vancouver Canucks zone.
17:38 of 3rd period - Aleksander Barkov is hit by Pius Suter and loses puck.
18:08 of 3rd period - Penalty to Casey Mittelstadt is over, Casey Mittelstadt is back on ice.
18:17 of 3rd period - Minor Penalty to Mikko Rantanen for Hooking.
18:18 of 3rd period - Brandon Hagel wins face-off versus Artturi Lehkonen in Vancouver Canucks zone.
Goals for this period are 2 for Vancouver Canucks vs 1 for Nashville Predators.
Shots for this period are 6 for Vancouver Canucks vs 8 for Nashville Predators.
Back to the Top